 Dungeon Crawl Stone Soup version 0.30-a0-862-g1aabd4f9c5 (webtiles) character file.

Game seed: 11620119713091376295

1137 kenny the Destroyer (level 8, -1/38 HPs)
             Began as a Deep Elf Conjurer on Mar 9, 2023.
             Engulfed by a cloud of poison gas (5 damage)
             ... on level 5 of the Dungeon.
             The game lasted 00:17:34 (5157 turns).

kenny the Destroyer (Deep Elf Conjurer)             Turns: 5157, Time: 00:17:35

Health: -1/38      AC:  3    Str:  4    XL:     8   Next: 14%
Magic:  0/21       EV: 13    Int: 26    God:
Gold:   241        SH:  0    Dex: 13    Spells: 12/22 levels left

rFire   x . .      SeeInvis .    (no weapon)
rCold   + + .      Faith    .    (no shield)
rNeg    + . .      Spirit   +    a - +1 robe
rPois   .          Reflect  .    (no helmet)
rElec   .          Rampage  .    (no cloak)
rCorr   .                        (no gloves)
Will    .....                    (no boots)
Stlth   +++                      n - amulet of guardian spirit
HPRegen 0.26/turn                c - ring of ice
MPRegen 0.17/turn                i - ring of positive energy

@: lethally poisoned (-1 -> -25), attractive
A: cold resistance 1, frail 1, screaming 1
a: no special abilities


You were on level 5 of the Dungeon.
You visited 1 branch of the dungeon, and saw 5 of its levels.

You collected 241 gold pieces.

Inventory:

Armour
 a - a +1 robe (worn)
Jewellery
 c - a ring of ice (left hand)
 e - a ring of protection from cold
 i - a ring of positive energy (right hand)
 j - a ring of flight
 n - an amulet of guardian spirit (around neck)
Wands
 f - a wand of paralysis (4)
Scrolls
 g - a scroll of enchant armour
 o - a scroll of identify
 q - a scroll of blinking
Potions
 b - a potion of magic
 d - 2 potions of curing
 l - a potion of attraction
 m - a potion of might


   Skills:
 - Level 1.0 Fighting
 + Level 3.4 Dodging
 + Level 4.3 Stealth
 - Level 0.5 Unarmed Combat
 + Level 7.5 Spellcasting
 + Level 8.7 Conjurations
 + Level 1.6 Hexes


You had 12 spell levels left.
You knew the following spells:

 Your Spells              Type           Power      Damage    Failure   Level
a - Magic Dart            Conj           100%       1d8       1%          1
b - Searing Ray           Conj           100%       2d8       1%          2
c - Dazzling Flash        Conj/Hex       72%        N/A       2%          3
d - Fulminant Prism       Conj/Hex       18%        3d10      7%          4

Your spell library contained the following spells:

 Spells                   Type           Power      Damage    Failure   Level
 Iskenderun's Mystic Bla  Conj/Tloc      32%        2d8       10%         4
 Summon Guardian Golem    Hex/Summ       13%        N/A       13%         3
 Orb of Destruction       Conj           26%        9d9       80%         7
 Spellforged Servitor     Conj/Summ      16%        N/A       100%        7


Dungeon Overview and Level Annotations

Branches:
Dungeon (5/15)
 Temple: D:4-7

Altars:
Elyvilon

Annotations:
D:5 1 runed translucent door, Crazy Yiuf, Edmund


Innate Abilities, Weirdness & Mutations

Your flesh is cold resistant. (rC+)
You are frail. (-10% HP)
You occasionally shout uncontrollably at your foes.


Message History

The gnoll sergeant is attracted toward you.
The gnoll is attracted toward you. The gnoll closely misses you.
The gnoll is attracted toward you.
The gnoll sergeant is attracted toward you.
The gnoll is attracted toward you.
Casting: Dazzling Flash (dangerous; 2% risk of failure)
Confirm with . or Enter, or press ? or * to list all spells.
You don't have enough magic to cast this spell.
The gnoll attacks as you move away! The gnoll barely misses you. x2
The gnoll is attracted toward you. x2
The gnoll sergeant is attracted toward you.
The gnoll hits you from afar with a +0 halberd!
* * * LOW HITPOINT WARNING * * *
The gnoll is attracted toward you. x2
The gnoll sergeant is attracted toward you.
Attack: -) Nothing wielded
Press: ? - help, Dir - move target, f - gnoll
Aim: a gnoll, wielding a +0 halberd (about 40% to evade your hands)
Okay, then.
Aiming: Paralyse
Press: ? - help, Shift-Dir - straight line, f - gnoll
Aim: a gnoll, wielding a +0 halberd (chance to affect: 57%)
The gnoll resists with significant effort.
The gnoll sergeant is no longer blind.
The gnoll completely misses you.
Casting: Dazzling Flash (dangerous; 2% risk of failure)
Confirm with . or Enter, or press ? or * to list all spells.
You don't have enough magic to cast this spell.
Unknown command.
Okay, then.
The air fills with toxic fumes!
As you read the scroll labelled XUXTOSA ACVOA, it crumbles to dust.
It was a scroll of poison.
The gnoll barely misses you.
Blink to where?
Press: ? - help, Dir - move target, p - gnoll Really blink into that cloud of poison gas?
Edmund the Younger comes into view.
He is wielding a +6 dire flail of protection.
As you read the scroll labelled LAWKIUTUAB, it crumbles to dust.
It was a scroll of blinking.
You are engulfed in poison gas.
You are lethally poisoned!
You die...

# #§####.######### #
#.#..§...§ggg§§## #
#g#§####g####§§§## #
#)..# ^#.#c #§§§§# #
#...##^#.#w##§§§## #
#.#.#.^#.#^.#§§#####.#
# #...## #.#
##§§§.....# ###.# #^#
#§§#######
#.####+####@+##
#....#$#..§§§.##
#..#.###.#.....##
#...............##
######...@.##.........#
............'.........+
######.....##.........#
####..#.###.......##
#.....#.# ##.....##


You could see Edmund (wandering) and a gnoll.

Vanquished Creatures
  Grinder (D:3)
  Eustachio (D:5)
  Duvessa (D:4)
  3 phantoms
  2 scorpions (D:5)
  Dowan (D:4)
  Ijyb (D:3)
  Terence (D:3)
  Natasha (twice) (D:2)
  An iguana (D:4)
  Robin (D:2)
  A gnoll (D:5)
  9 adders
  A white imp (D:5)
  2 worms
  2 dart slugs
  9 ball pythons
  7 endoplasms
  5 giant cockroaches
  11 goblins
  8 hobgoblins
  7 jackals (D:1)
  3 quokkas
  3 bats
  6 frilled lizards
  8 kobolds
  A rat (D:1)
98 creatures vanquished.

Notes
Turn   | Place    | Note
-------+----------+-------------------------------------------
     0 | D:1      | kenny the Deep Elf Conjurer began the quest for the Orb.
     0 | D:1      | Reached XP level 1. HP: 10/10 MP: 6/6
   318 | D:1      | Reached XP level 2. HP: 15/15 MP: 6/8
   420 | D:1      | Reached skill level 5 in Conjurations
  1106 | D:2      | Reached XP level 3. HP: 19/19 MP: 6/9
  1131 | D:2      | Noticed Natasha
  1146 | D:3      | Learned a level 2 spell: Searing Ray
  1150 | D:3      | Learned a level 3 spell: Dazzling Flash
  1263 | D:3      | Noticed Terence
  1807 | D:2      | Killed Natasha
  1808 | D:2      | Reached skill level 6 in Conjurations
  1808 | D:2      | Reached XP level 4. HP: 24/24 MP: 3/11
  1875 | D:2      | Found a faded altar of an unknown god.
  2271 | D:2      | Noticed Natasha
  2274 | D:2      | Killed Natasha
  2275 | D:2      | Reached XP level 5. HP: 28/28 MP: 8/13
  2619 | D:3      | Noticed Robin
  2619 | D:3      | Noticed Grinder
  2659 | D:3      | Killed Terence
  2662 | D:3      | Noticed Ijyb
  2803 | D:3      | Paralysed by Ijyb for 3 turns
  2807 | D:3      | Killed Ijyb
  2945 | D:2      | Killed Robin
  3120 | D:3      | Paralysed by Grinder for 4 turns
  3309 | D:3      | Killed Grinder
  3310 | D:3      | Reached skill level 5 in Spellcasting
  3310 | D:3      | Reached skill level 7 in Conjurations
  3310 | D:3      | Reached XP level 6. HP: 32/32 MP: 6/16
  3601 | D:4      | Noticed Dowan
  3604 | D:4      | Noticed Duvessa
  3605 | D:4      | Killed Dowan
  3623 | D:4      | Killed Duvessa
  3624 | D:4      | Reached XP level 7. HP: 18/36 MP: 0/18
  3857 | D:4      | Reached skill level 1 in Hexes
  4114 | D:4      | Learned a level 4 spell: Fulminant Prism
  4155 | D:4      | Reached skill level 8 in Conjurations
  4477 | D:5      | Entered Level 5 of the Dungeon
  4601 | D:5      | Found a runed translucent door.
  4602 | D:5      | Noticed Crazy Yiuf
  4791 | D:5      | Found a white marble altar of Elyvilon.
  5122 | D:5      | Noticed Eustachio
  5127 | D:5      | Killed Eustachio
  5128 | D:5      | Reached skill level 1 in Fighting
  5128 | D:5      | Reached XP level 8. HP: 37/43 MP: 9/21
  5139 | D:5      | Gained mutation: You are frail. (-10% HP) [potion of
                  | mutation]
  5139 | D:5      | Gained mutation: You occasionally shout uncontrollably at
                  | your foes. [potion of mutation]
  5139 | D:5      | Gained mutation: Your flesh is cold resistant. (rC+)
                  | [potion of mutation]
  5157 | D:5      | Noticed Edmund
  5157 | D:5      | Engulfed by a cloud of poison gas

Illustrated notes

Levels and vault maps discovered:
D:1:      roderic_chinese_lattice_arrival, layout_loops_ring,
          minmay_misc_feat_hallway, serial_bayou_crossing
D:2:      layout_basic, shapermc_ecumenical_altar_totnotflames, serial_aquarium,
          aquarium_bridge_straight [aquarium_subvault_bridge,
          aquarium_subvault_balcony, aquarium_subvault_bridge,
          aquarium_subvault_wall], aquarium_bridge_island_small
          [aquarium_subvault_small_water, aquarium_subvault_bridge,
          aquarium_subvault_bridge, aquarium_subvault_bridge,
          aquarium_subvault_bridge], aquarium_window_corner,
          aquarium_window_fake, aquarium_window_corridor_3, aquarium_window_1,
          aquarium_view_2d, aquarium_pool_2, minivault_26, uniq_natasha
D:3:      layout_rooms, uniq_ijyb, uniq_robin, uniq_terence, uniq_grinder
D:4:      layout_cave_pools, grunt_decor_clamped, minmay_cupped, uniq_duvessa
D:5:      layout_loops_corners, lemuel_coloured_pillars_altar, temple_statues,
          grunt_tough_drop, uniq_crazy_yiuf_cottage, uniq_eustachio,
          uniq_blork_the_orc, uniq_edmund

Skill      XL: |  1  2  3  4  5  6  7 |
---------------+----------------------+-----
Conjurations   | 5 6 7 8 |  8.7
Spellcasting   | 4 5 6 7 |  7.5
Stealth        | 3 4 |  4.3
Hexes          | 1 |  1.6
Dodging        | 3 |  3.4
Fighting       | 1 |  1.0
Unarmed Combat | |  0.5

Action                     |  1- 3 |  4- 6 |  7- 9 || total
---------------------------+-------+-------+-------++-------
  Melee: Unarmed           |       |     6 |       ||     6
         Punch             |       |     1 |       ||     1
   Cast: Magic Dart        |    65 |    70 |    32 ||   167
         Searing Ray       |     3 |    17 |    17 ||    37
         Dazzling Flash    |       |     1 |     2 ||     3
  Evoke: Wand              |       |       |     1 ||     1
    Use: Scroll            |     4 |     1 |     3 ||     8
         Potion            |       |     4 |     3 ||     7
 Armour: Robe              |       |     4 |     5 ||     9
         Skin              |       |     4 |       ||     4
  Dodge: Dodged            |     1 |    13 |    21 ||    35

Table legend: (Time is in decaauts)
 A = Elapsed time spent in this place.
 B = Non-inter-level travel time spent in this place.
 C = Inter-level travel time spent in this place.
 D = Time resting spent in this place.
 E = Time spent auto-exploring this place.
 F = Levels seen in this place.
 G = Mean time per level.
                   A        B        C        D        E       F      G
               +--------+--------+--------+--------+--------+-----+--------+
         Total |   5172 |   4996 |    176 |   1009 |   3388 |   5 | 1034.4 |
       Dungeon |   5172 |   4996 |    176 |   1009 |   3388 |   5 | 1034.4 |
               +--------+--------+--------+--------+--------+-----+--------+

Top non-repeatable levels by time:
     D:2: 1610 daAuts
     D:1: 1075 daAuts
     D:4: 1020 daAuts
     D:3: 786 daAuts
     D:5: 679 daAuts
